 Dungeon Crawl Stone Soup version 0.30-a0-739-gea05faddec (webtiles) character file.

Game seed: 15921083007293255528

2574 experimilk the Destroyer (level 9, -2/62 HPs)
             Began as a Black Draconian Conjurer on Feb 4, 2023.
             Was a Follower of Vehumet.
             Slain by Joseph
             ... wielding a +0 heavy quarterstaff
              (15 damage)
             ... on level 7 of the Dungeon.
             The game lasted 00:14:16 (8449 turns).

experimilk the Destroyer (Black Draconian Conjurer) Turns: 8449, Time: 00:14:17

Health: -2/62      AC:  8    Str: 10    XL:     9   Next: 32%
Magic:  4/12       EV: 17    Int: 22    God:    Vehumet [*.....]
Gold:   447        SH:  0    Dex: 10    Spells: 1/12 levels left

rFire   . . .      SeeInvis .    s - +0 short sword
rCold   . . .      Faith    .    (no shield)
rNeg    . . .      Spirit   .    (body armour unavailable)
rPois   .          Reflect  .    (helmet restricted)
rElec   +          Harm     .    e - +0 cloak
rCorr   .          Rampage  .    (no gloves)
Will    .....                    (no boots)
Stlth   ++                       h - amulet of magic regeneration
HPRegen 0.30/turn                k - +5 ring of evasion
MPRegen 0.53/turn                (no ring)

@: about to teleport, short of breath
A: breathe lightning, AC +7, unfitting armour, electricity resistance,
cold-blooded
a: Breathe Lightning, Renounce Religion


You were on level 7 of the Dungeon.
You worshipped Vehumet.
Vehumet was aware of your devotion.
You visited 1 branch of the dungeon, and saw 7 of its levels.
You also visited: Sewer.

You collected 447 gold pieces.

Inventory:

Hand Weapons
 s - a +0 short sword (weapon)
Armour
 e - a +0 cloak (worn)
Jewellery
 h - an amulet of magic regeneration (around neck)
 k - a +5 ring of evasion (left hand)
 r - an amulet of guardian spirit
Wands
 B - a wand of charming (14)
Scrolls
 b - a scroll of brand weapon
 i - 3 scrolls of enchant armour
 j - a scroll of immolation
 p - a scroll of vulnerability {unknown}
 q - a scroll of amnesia {unknown}
 u - 2 scrolls of torment
 w - a scroll of blinking {unknown}
 z - 2 scrolls of fear
 A - a scroll of noise {unknown}
 C - a scroll of identify
Potions
 a - a potion of magic
 c - a potion of lignification
 d - 6 potions of mutation
 f - a potion of cancellation
 g - a potion of might
 l - 5 potions of brilliance
 m - 2 potions of heal wounds
 n - 2 potions of ambrosia {unknown}
 o - a potion of haste
 t - 5 potions of curing
 v - a potion of berserk rage {unknown}
 x - 6 potions of flight


   Skills:
 - Level 1.7 Dodging
 - Level 1.7 Stealth
 + Level 2.3 Spellcasting
 - Level 13.0 Conjurations
 * Level 1.8 Translocations


You had one spell level left.
You knew the following spells:

 Your Spells              Type           Power      Damage    Failure   Level
a - Magic Dart            Conj           100%       1d8       1%          1
b - Iskenderun's Mystic   Conj/Tloc      35%        2d8       6%          4
p - Passage of Golubria   Tloc           10%        N/A       54%         4
z - Searing Ray           Conj           100%       2d8       1%          2

Your spell library contained the following spells:

 Spells                   Type           Power      Damage    Failure   Level
 Kiss of Death            Conj/Necr      100%       2d13      1%          1
 Dazzling Flash           Conj/Hex       62%        N/A       2%          3
 Fulminant Prism          Conj/Hex       15%        3d11      9%          4
 Tukima's Dance           Hex            2%         N/A       36%         3
 Yara's Violent Unravell  Hex/Tmut       1%         3d3       98%         5


Dungeon Overview and Level Annotations

Branches:
Dungeon (7/15)             Temple (0/1) D:6           Sewer (visited)

Altars:
Cheibriados
Elyvilon
Gozag
Hepliaklqana
Vehumet
Wu Jian
Xom
The Shining One

Annotations:
D:5 3 runed translucent doors, SpyderV's ghost, novice MiFi
D:7 Joseph


Innate Abilities, Weirdness & Mutations

You can breathe wild blasts of lightning.
Your glossy black scales are hard. (AC +7)
You cannot fit into any form of body armour.
You are resistant to electric shocks. (rElec)
You are cold-blooded and may be slowed by cold attacks.


Message History

You finish channelling your searing ray.
Joseph hits you with a +0 heavy quarterstaff!
Casting: Searing Ray (safe; 1% risk of failure)
Confirm with . or Enter, or press ? or * to list all spells.
Aiming: Searing Ray (safe; 1% risk of failure)
Press: ? - help, Shift-Dir - straight line, f/p - Joseph
Aim: Joseph, wielding a +0 heavy quarterstaff and wearing a +3 ring mail of poison resistance (moderately wounded, 85% to hit)
The searing ray hits Joseph.
Joseph is moderately wounded. (Press . to maintain the ray.) Joseph barely misses you.
The searing ray misses Joseph.
Joseph hits you with a +0 heavy quarterstaff!
The searing ray hits Joseph but does no damage.
Joseph is moderately wounded.
The searing ray hits Joseph.
Joseph is moderately wounded.
You finish channelling your searing ray.
Joseph hits you with a +0 heavy quarterstaff!!
* * * LOW HITPOINT WARNING * * *
Casting: Searing Ray (safe; 1% risk of failure)
Confirm with . or Enter, or press ? or * to list all spells.
You don't know that spell.
As you read the scroll of teleportation, it crumbles to dust.
You feel strangely unstable. Joseph misses you.
Casting: Searing Ray (safe; 1% risk of failure)
Confirm with . or Enter, or press ? or * to list all spells.
You don't know that spell.
Casting: Searing Ray (safe; 1% risk of failure)
Confirm with . or Enter, or press ? or * to list all spells.
Aiming: Searing Ray (safe; 1% risk of failure)
Press: ? - help, Shift-Dir - straight line, f/p - Joseph
Aim: Joseph, wielding a +0 heavy quarterstaff and wearing a +3 ring mail of poison resistance (moderately wounded, 85% to hit)
The searing ray hits Joseph!
Joseph is heavily wounded. (Press . to maintain the ray.)
The searing ray hits Joseph!
Joseph is severely wounded.
Joseph hits you with a +0 heavy quarterstaff!
You die...

..##.###.......(..##..##
###.. #...............#
#... ##.........##...#
#... ###..#........##
... #....##.......#
.....#...##..## #
#.....####...#####
#...@.......##..#
####.##@....#.....#
#..........##....## ##
#.>.##......#....# ...
... ###.#.....### ... .
. ## ###.##.## ..#
.#.##...#.## ...
....#.###..# .## .......
#.......## ..# ......
#........##


You could see Joseph.

Vanquished Creatures
  A deep elf pyromancer (D:7)
  2 ice beasts (D:5)
  A black bear (D:5)
  An ogre (D:4)
  3 centaurs
  A phantom (D:6)
  A kobold brigand (D:7)
  A bullfrog (D:7)
  2 necrophages (D:6)
  2 scorpions (D:6)
  4 killer bees (D:7)
  3 jellies
  3 orc priests (D:7)
  A hound (D:3)
  6 iguanas
  Natasha (twice) (D:3)
  4 orc wizards
  12 adders
  7 gnolls
  6 river rats (Sewer)
  2 shadow imps (D:7)
  A white imp (D:7)
  2 ufetubi
  2 worms
  5 dart slugs
  15 orcs
  7 endoplasms
  8 giant cockroaches
  9 goblins
  6 hobgoblins
  4 jackals
  6 quokkas
  11 ball pythons
  11 bats
  3 frilled lizards
  8 kobolds
  7 rats
170 creatures vanquished.

Notes
Turn   | Place    | Note
-------+----------+-------------------------------------------
     0 | D:1      | experimilk the Draconian Conjurer began the quest for the
                  | Orb.
     0 | D:1      | Reached XP level 1. HP: 14/14 MP: 3/3
   484 | D:1      | Reached XP level 2. HP: 20/20 MP: 0/5
   487 | D:1      | Learned a level 2 spell: Searing Ray
  1051 | D:1      | Reached skill level 5 in Conjurations
  1051 | D:1      | Reached XP level 3. HP: 26/26 MP: 2/6
  2428 | D:3      | Reached XP level 4. HP: 33/33 MP: 3/7
  2544 | D:3      | Noticed Natasha
  2549 | D:3      | Killed Natasha
  2640 | D:3      | Reached skill level 6 in Conjurations
  3129 | D:3      | Noticed Natasha
  3145 | D:3      | Killed Natasha
  3146 | D:3      | Reached XP level 5. HP: 13/38 MP: 0/8
  3809 | D:4      | Noticed an ogre
  3861 | D:3      | Reached skill level 7 in Conjurations
  4114 | D:4      | Reached XP level 6. HP: 45/45 MP: 4/9
  4226 | D:4      | Found a glowing drain.
  4230 | Sewer    | Entered a sewer
  4434 | Sewer    | Reached skill level 8 in Conjurations
  5187 | D:4      | Your scales start taking on a glossy black colour.
  5187 | D:4      | Reached XP level 7. HP: 50/50 MP: 6/10
  5187 | D:4      | Gained mutation: You are resistant to electric shocks.
                  | (rElec) [Black Draconian growth]
  5455 | D:4      | Found a snail-covered altar of Cheibriados.
  5547 | D:5      | Entered Level 5 of the Dungeon
  5601 | D:5      | Reached skill level 9 in Conjurations
  5620 | D:5      | Found an ornate altar of the Wu Jian Council.
  6184 | D:5      | Found a runed translucent gate.
  6184 | D:5      | Found a runed translucent gate.
  6184 | D:5      | Found a runed translucent gate.
  6184 | D:5      | Noticed SpyderV's ghost (novice MiFi)
  6185 | D:5      | Identified the +4 chain mail of Luj Hedd {Rampage *Slow
                  | MP+9}
  6428 | D:5      | Reached skill level 10 in Conjurations
  6486 | D:5      | Reached XP level 8. HP: 57/57 MP: 7/11
  6581 | D:5      | Found a radiant altar of Vehumet.
  6581 | D:5      | Found a shimmering altar of Xom.
  6775 | D:5      | Became a worshipper of Vehumet
  6800 | D:6      | Found a staircase to the Ecumenical Temple.
  6878 | D:6      | Found a white marble altar of Elyvilon.
  6913 | D:6      | Found a glowing golden altar of the Shining One.
  7095 | D:6      | Reached skill level 11 in Conjurations
  7526 | D:7      | Found a hazy altar of Hepliaklqana.
  7596 | D:7      | Found an opulent altar of Gozag.
  7692 | D:7      | Reached skill level 12 in Conjurations
  7853 | D:7      | Reached * piety under Vehumet
  7853 | D:7      | Offered knowledge of Kiss of Death by Vehumet.
  7924 | D:7      | Noticed a deep elf pyromancer
  7930 | D:7      | Killed a deep elf pyromancer
  7931 | D:7      | Reached skill level 13 in Conjurations
  7931 | D:7      | Reached XP level 9. HP: 62/62 MP: 6/12
  7994 | D:7      | Learned a level 4 spell: Iskenderun's Mystic Blast
  8000 | D:7      | Learned a level 4 spell: Passage of Golubria
  8009 | D:7      | Noticed Joseph
  8233 | D:7      | Reached skill level 1 in Translocations
  8449 | D:7      | Slain by Joseph

Illustrated notes

Levels and vault maps discovered:
D:1:      dpeg_arrival_round_c, layout_basic, minmay_liquid_box,
          due_unseen_surprise
D:2:      layout_basic, item_on_display_a
D:3:      layout_basic, uniq_natasha
D:4:      layout_cave_pools, lemuel_doored_altar, gup_sewer_entry_bowl
D:5:      layout_basic, gammafunk_temple_overflow_elements,
          mainiacjoe_overflow_small_starburst, biasface_ghost_orc_armoury
D:6:      layout_rooms, mainiacjoe_overflow_24_doors,
          mainiacjoe_overflow_concentric_impassable,
          minmay_temple_entry_overgrown
D:7:      layout_cave_pools, overflow_temple_1_default, grunt_gozag_statues,
          guppyfry_early_elven_hall, uniq_maggie, uniq_joseph

Skill      XL: |  1  2  3  4  5  6  7  8  9 |
---------------+----------------------------+-----
Conjurations   | 5 6 7 8 10 13 | 13.0
Translocations | 1 |  1.8
Dodging        | |  1.7
Stealth        | |  1.7
Spellcasting   | |  2.3

Action                     |  1- 3 |  4- 6 |  7- 9 || total
---------------------------+-------+-------+-------++-------
  Melee: Unarmed           |    10 |       |       ||    10
         Punch             |     1 |     1 |       ||     2
         Dagger            |     1 |    16 |       ||    17
         Tailslap          |       |     5 |       ||     5
         Short sword       |       |    28 |       ||    28
   Cast: Magic Dart        |    62 |    54 |    51 ||   167
         Searing Ray       |    13 |    48 |    52 ||   113
Ability: Breathe Lightning |       |       |     6 ||     6
    Use: Potion            |       |     2 |       ||     2
         Scroll            |       |     1 |    12 ||    13
 Armour: Skin              |     4 |    21 |    21 ||    46
  Dodge: Dodged            |    11 |   100 |    72 ||   183

Table legend: (Time is in decaauts)
 A = Elapsed time spent in this place.
 B = Non-inter-level travel time spent in this place.
 C = Inter-level travel time spent in this place.
 D = Time resting spent in this place.
 E = Time spent auto-exploring this place.
 F = Levels seen in this place.
 G = Mean time per level.
                   A        B        C        D        E       F      G
               +--------+--------+--------+--------+--------+-----+--------+
         Total |   8630 |   8415 |    215 |   1910 |   5222 |   8 | 1078.8 |
       Dungeon |   7567 |   7352 |    215 |   1755 |   4597 |   7 | 1081.0 |
         Sewer |   1062 |   1062 |      0 |    155 |    624 |   1 | 1062.0 |
               +--------+--------+--------+--------+--------+-----+--------+

Top non-repeatable levels by time:
     D:3: 1592 daAuts
     D:1: 1385 daAuts
     D:4: 1228 daAuts
     D:6: 1075 daAuts
   Sewer: 1062 daAuts
     D:2: 854 daAuts
     D:5: 853 daAuts
     D:7: 577 daAuts
